AoeStats
← VIT Liereyy

Arabian Desert

508622734Analyzed
1v1 RM · 10d ago on Sep 23, 2026· 28m 59s· 2 players
Game mode
Random Map
Map size
Tiny (2 player)
Population
200
Speed
Normal
Resources
Standard
Victory
Conquest
Starting age
Dark Age
Ending age
Imperial Age
RankedLock teamsTeams togetherTeam positionsShared explorationLock speedFull tech treeHidden civsTurbo modeCheats
Victory
Defeat
🇦🇹 Muisca · Austria
2894
+8
2707
-8
Thành Cổ Quảng Trị
6:20 Loom
8:42 Feudal Age
9:09 Man-at-Arms
10:03 Double-Bit Axe
14:17 Fletching
16:32 Scale Mail Armor
17:46 Horse Collar
18:07 Padded Archer Armor
24:28 Castle Age
22:32 Gold Mining
24:17 Scale Barding Armor
25:22 Forging
VIT Liereyy
6:40 Loom
8:56 Feudal Age
9:05 Champi Runner
9:30 Double-Bit Axe
14:42 Scale Mail Armor
15:36 Fletching
16:57 Padded Archer Armor
22:23 Castle Age
20:29 Horse Collar
23:05 Squires
22:39 Champi Warrior
24:26 Bow Saw
24:29 Forging
26:29 Wheelbarrow
25:58 Town Watch
26:48 Pikeman
28:41 Chain Mail Armor
29:48 Sanctity
Connection lost

Rejoining the realm…

Still unreachable

The connection could not be restored.

Session expired

The server has moved on; the page needs a fresh start.